Map: Lost and Found LE

Players

LiquidTLO (TLO) - Winner!

  • Race: Zerg Zerg
  • Spawn Location: 1:00

Cham

  • Race: Zerg Zerg
  • Spawn Location: 7:00

Event: WCS Austin 2018

VOD

Have the link to the VOD?

Description

Time

  • Played on: June 1, 2018, 4:22 p.m.
  • Length: 7:43

All games in this series

Show
View Real Time Build Order
Export as new Build Order

LiquidTLO Zerg - Winner!

Build Orders: Hatch First, Zergling Baneling 

Get SALT Encoding   

  12  0:00  Drone  
  13  0:08  Drone  
  14  0:17  Overlord  
  14  0:36  Drone x3  
  17  0:50  Hatchery  
  17  0:55  Drone  
  17  0:58  Drone  
  17  1:02  Extractor  
  17  1:13  Spawning Pool  
  17  1:16  Drone  
  17  1:19  Drone  
  18  1:30  Drone  
  19  1:40  Drone  
  20  1:51  Drone  
  21  2:02  Overlord, Queen  
  21  2:03  Metabolic Boost  
  21  2:06  Zergling x2  
  24  2:14  Drone x2  
  26  2:26  Hatchery, Zergling x2  
  26  2:31  Baneling Nest  
  25  2:37  Queen  
  25  2:41  Zergling x2  
  28  2:45  Zergling x2  
  28  2:48  Zergling x2  
  30  2:52  Zergling x2  
  30  2:53  Zergling x2  
  32  2:58  Zergling x2  
  32  2:59  Zergling x2  
  34  3:09  Zergling x2  
  34  3:11  Overlord  
  34  3:12  Zergling x2  
  36  3:15  Baneling x2  
  36  3:16  Baneling x2  
  36  3:26  Baneling x2  
  36  3:29  Zergling x8  
  36  3:33  Zergling x2  
  41  3:38  Zergling x2  
  41  3:39  Zergling x2  
  41  3:41  Zergling x2  
  41  3:48  Zergling x2  
  38  3:49  Zergling x2  
  38  3:50  Zergling x2  
  38  3:56  Zergling x2  
  38  3:58  Zergling x2  
  38  3:59  Zergling x2  
  38  4:01  Zergling x2  
  40  4:03  Baneling  
  40  4:04  Baneling  
  40  4:08  Zergling x2  
  41  4:11  Zergling x2  
  41  4:12  Zergling x2  
  41  4:14  Baneling  
  43  4:17  Drone  
  43  4:20  Drone  
  41  4:26  Baneling  
  41  4:27  Drone  
  40  4:34  Drone  
  40  4:35  Zergling x4  
  41  4:40  Zergling x2  
  41  4:41  Zergling x2  
  41  4:43  Baneling  
  41  4:44  Drone  
  43  4:46  Drone  
  43  4:48  Drone  
  43  4:52  Zergling x2  
  45  4:54  Zergling x2  
  45  4:56  Zergling x2  
  44  5:01  Zergling x2  
  44  5:03  Drone  
  44  5:04  Drone x2  
  43  5:07  Baneling x2  
  43  5:12  Zergling x2  
  43  5:13  Drone  
  43  5:14  Zergling x2  
  46  5:17  Zergling x2  
  46  5:18  Zergling x2  
  47  5:22  Baneling  
  47  5:23  Baneling  
  47  5:27  Baneling  
  47  5:28  Baneling, Zergling x2  
  48  5:30  Roach Warren  
  48  5:32  Baneling, Zergling x2  
  48  5:33  Zergling x2  
  49  5:36  Extractor, Zergling x2  
  49  5:38  Zergling x2  
  47  5:43  Drone  
  47  5:47  Zergling x2  
  47  5:49  Drone  
  49  5:52  Overlord  
  49  5:55  Overlord  
  49  5:56  Baneling x2  
  48  6:00  Overlord  
  48  6:03  Overlord  
  41  6:13  Roach x2  
  41  6:14  Roach x2  
  41  6:18  Roach  
  51  6:22  Roach  
  51  6:23  Roach  
  53  6:31  Roach  
  53  6:32  Roach, Zergling x2  
  55  6:34  Zergling x2  
  55  6:35  Zergling x2  
  55  6:37  Zergling x2  
  55  6:38  Zergling x2  
  59  6:42  Zergling x4  
  59  6:45  Zergling x2  
  62  6:47  Zergling x2  
  62  6:48  Zergling x2  
  62  6:51  Baneling x2  
  62  6:53  Zergling x2  
  65  6:56  Baneling, Zergling x2  
  65  6:57  Baneling  
  65  6:58  Zergling x2  
  66  7:01  Zergling x2  
  66  7:02  Zergling x2  
  66  7:04  Zergling x2  
  66  7:07  Zergling x2  
  66  7:08  Zergling x2  
  71  7:12  Zergling x4  
  71  7:14  Zergling x2  
  74  7:16  Zergling x2  
  74  7:19  Zergling x2  
  74  7:22  Zergling x4  
  76  7:25  Ravager x2  
  77  7:30  Ravager  
Show
View Real Time Build Order
Export as new Build Order

Cham Zerg 

Build Orders: Hatch First 

Get SALT Encoding   

  12  0:01  Drone  
  13  0:08  Drone  
  14  0:17  Overlord  
  14  0:35  Drone  
  14  0:36  Drone x2  
  17  0:51  Hatchery  
  17  0:54  Drone  
  17  0:59  Extractor  
  17  1:00  Drone  
  17  1:13  Spawning Pool  
  17  1:16  Drone  
  17  1:20  Drone  
  18  1:29  Drone  
  19  1:51  Overlord  
  19  1:53  Drone  
  20  2:00  Queen, Metabolic Boost  
  22  2:02  Queen  
  22  2:05  Drone  
  22  2:07  Drone  
  26  2:13  Drone  
  27  2:17  Overlord  
  27  2:32  Hatchery  
  27  2:36  Drone x2  
  28  2:39  Zergling x2  
  29  2:44  Baneling Nest  
  28  2:52  Queen  
  28  2:55  Zergling x2  
  31  3:00  Zergling x2  
  31  3:01  Drone  
  31  3:04  Drone  
  34  3:09  Drone  
  34  3:10  Drone  
  36  3:14  Overlord  
  36  3:16  Drone  
  36  3:18  Drone  
  38  3:21  Drone  
  38  3:23  Drone  
  40  3:28  Zergling x4  
  40  3:31  Baneling x2  
  42  3:37  Zergling x4  
  42  3:38  Zergling x2  
  43  3:48  Zergling x2  
  38  3:49  Drone x3  
  38  3:50  Drone  
  41  4:01  Queen  
  41  4:02  Baneling  
  39  4:03  Baneling x2, Zergling x2  
  39  4:04  Zergling x2  
  39  4:07  Zergling x2  
  39  4:08  Zergling x2  
  43  4:11  Zergling x2  
  43  4:16  Zergling x4  
  41  4:31  Zergling x6  
  43  4:32  Zergling x4  
  43  4:33  Zergling x2  
  43  4:35  Queen  
  43  4:37  Zergling x2  
  44  4:40  Zergling x4  
  44  4:44  Zergling x4  
  44  4:46  Zergling x2  
  44  4:50  Zergling x2  
  37  4:52  Baneling  
  37  4:53  Zergling x2  
  37  4:56  Zergling x2  
  33  5:00  Zergling x2  
  33  5:02  Zergling x2  
  33  5:05  Baneling  
  33  5:06  Baneling  
  33  5:10  Drone  
  33  5:14  Zergling x2  
  33  5:15  Drone  
  33  5:20  Baneling  
  33  5:21  Drone x2  
  35  5:24  Drone  
  35  5:27  Zergling x2  
  38  5:30  Baneling x2  
  38  5:33  Drone  
  39  5:41  Zergling x4  
  39  5:42  Zergling x2  
  42  5:44  Zergling x2  
  42  5:47  Drone  
  39  5:50  Drone  
  39  5:53  Drone  
  41  5:57  Drone  
  41  5:58  Drone  
  41  6:05  Zergling x2  
  41  6:06  Baneling x2  
  41  6:07  Baneling x2  
  38  6:12  Zergling x2  
  38  6:13  Zergling x2  
  38  6:14  Zergling x2  
  38  6:27  Zergling x2  
  38  6:28  Baneling  
  38  6:32  Zergling x4  
  37  6:33  Queen  
  37  6:34  Queen  
  37  6:38  Drone  
  42  6:40  Drone  
  42  6:41  Drone  
  42  6:44  Drone  
  42  6:46  Drone  
  46  6:49  Drone x2  
  47  6:55  Roach Warren  
  47  6:58  Zergling x2  
  47  6:59  Zergling x2  
  48  7:01  Zergling x2  
  48  7:03  Zergling x2  
  48  7:06  Zergling x2  
  51  7:09  Zergling x4  
  51  7:13  Zergling x2  
  54  7:17  Zergling x2  
Tags
 
Add a new tag
Caveats
  • Supply blocks, unpowered buildings, or Contaminate may cause inaccurate times.
  • Supply counts are checked every 10 seconds.